 Dungeon Crawl Stone Soup version 0.26-a0-505-g732bf3b8d2 (webtiles) character file.

Game seed: 9046108975361161537

227470 Monka the Imperceptible (level 19, -3/198 HPs)
             Began as a Kobold Berserker on Aug 9, 2020.
             Was a High Priest of Trog.
             Killed from afar by a halazid warlock (26 damage)
             ... with a ghostly fireball
             ... in the Desolation of Salt.
             The game lasted 01:55:13 (46958 turns).

Monka the Imperceptible (Kobold Berserker)         Turns: 46958, Time: 01:55:14

Health: -3/198     AC: 22    Str: 19    XL:     19   Next: 64%
Magic:  19/19      EV: 26    Int:  9    God:    Trog [*****.]
Gold:   1954       SH: 13    Dex: 20    Spells: 18/18 levels left

rFire    + . .     SeeInvis .   a - +6 rapier of Aptidgh {vorpal, MR+ Dex+3}
rCold    + + .     Faith    .   e - +2 buckler
rNeg     . . .     Spirit   .   A - +5 ring mail of Gallantry {rCorr}
rPois    +         Reflect  +   r - +0 helmet
rElec    .         Harm     .   P - scarf {rC+ rF+}
rCorr    +                      w - +2 pair of gloves of Intuition {rPois}
MR       +++++                  L - +2 pair of boots {Fly}
Stlth    ..........             X - amulet of reflection
HPRegen  0.43/turn              E - +4 ring of protection
MPRegen  0.16/turn              R - ring of Kikubaaqudgha's Favour {+Fly rC+ MR+++}

@: berserking, flying, very heavily drained, very quick
A: small, nightstalker 3
}: 2/15 runes: decaying, gossamer
a: Berserk, Trog's Hand, Brothers in Arms, Renounce Religion, Stop Flying


You were in the Desolation of Salt.
You worshipped Trog.
Trog was extremely pleased with you.
You visited 8 branches of the dungeon, and saw 35 of its levels.
You also visited: Desolation.

You collected 2744 gold pieces.
You spent 790 gold pieces at shops.

Inventory:

Hand Weapons
 a - the +6 rapier of Aptidgh (weapon) {vorpal, MR+ Dex+3}
   (You found it on level 1 of the Spider Nest)

   It inflicts extra damage upon your enemies.
   It affects your dexterity (+3).
   It affects your resistance to hostile enchantments.
 b - a +2 short sword of electrocution
 c - a +2 dagger of venom
 n - a +5 quick blade
 S - a +1 antimagic short sword
Armour
 e - a +2 buckler (worn)
 j - a scarf of repulsion
 r - a +0 helmet (worn)
 w - the +2 pair of gloves of Intuition (worn) {rPois}
   (You bought it in a shop on level 2 of the Orcish Mines)

   It protects you from poison.
 A - the +5 ring mail of Gallantry (worn) {rCorr}
   (You found it on level 14 of the Dungeon)

   It provides partial protection from all sources of acid and corrosion.
 L - a +2 pair of boots of flying (worn)
 P - a scarf of resistance (worn)
 W - a +2 robe of resistance
Jewellery
 u - the ring of Fimneami {rElec rC+}
   (You found it in the Desolation of Salt)

   [ring of protection from cold]

   It protects you from cold.
   It insulates you from electricity.
 E - a +4 ring of protection (left hand)
 N - a cursed amulet of inaccuracy {unknown}
 R - the ring of Kikubaaqudgha's Favour (right hand) {+Fly rC+ MR+++}
   (You found it on level 5 of the Lair of Beasts)

   [ring of protection from cold]

   It protects you from cold.
   It affects your resistance to hostile enchantments.
   It lets you fly.
 X - an amulet of reflection (around neck)
 Y - an uncursed ring of protection from cold
Wands
 i - a wand of random effects (9)
 k - a wand of digging (8)
 v - a wand of flame (20)
 y - a wand of iceblast (24)
 D - a wand of disintegration (10)
 T - a wand of enslavement (19)
Scrolls
 h - a scroll of fear
 l - 5 scrolls of blinking
 o - 9 scrolls of teleportation
 q - 5 scrolls of fog
 t - 19 scrolls of remove curse
 x - 12 scrolls of enchant weapon
 z - 17 scrolls of enchant armour
 G - 3 scrolls of magic mapping
 U - 3 scrolls of silence
Potions
 d - 3 potions of haste
 f - 9 potions of heal wounds
 g - 21 potions of curing
 p - 6 potions of lignification
 B - 5 potions of stabbing
 C - 2 potions of invisibility
 F - 6 potions of might
 H - 6 potions of ambrosia
 M - a potion of mutation
 O - 2 potions of cancellation
 Q - 3 potions of berserk rage
 V - a potion of resistance {unknown}
 Z - a potion of magic {unknown}


   Skills:
 + Level 18.7(14.3) Fighting
 - Level 12.0(8.1) Short Blades
 + Level 7.1(3.7) Armour
 + Level 20.0(15.4) Dodging
 + Level 22.9(18.0) Stealth
 - Level 5.2(1.9) Shields


You had 18 spell levels left.
You didn't know any spells.
Your spell library was empty.

Dungeon Overview and Level Annotations

Branches:
Dungeon (15/15)            Temple (1/1) D:4            Lair (6/6) D:8
  Swamp (4/4) Lair:3       Spider (4/4) Lair:2        Slime (0/5) Lair:6
    Orc (2/2) D:9             Elf (2/3) Orc:2        Vaults (1/5) D:13
 Depths (0/5) D:15        Desolation (1/1)

Altars:
Ashenzari
Cheibriados
Dithmenos
Elyvilon
Fedhas
Gozag
Hepliaklqana
Kikubaaqudgha
Makhleb
Nemelex Xobeh
Okawaru
Qazlal
Ru
Sif Muna
Trog
Uskayaw
Vehumet
Wu Jian
Xom
Yredelemnul
Zin
The Shining One
Beogh

Shops:
D:5 [!**?   Orc:2 ([}(   Elf:1 [

Annotations:
D:11 exclusion: downstairs
D:15 Roxanne
Lair:2 exclusion: oklob plant
Swamp:2 1 transporter


Innate Abilities, Weirdness & Mutations

You are small and have problems with some larger weapons.
You are completely attuned to the shadows.


Message History

* * * LOW HITPOINT WARNING * * *
Unknown command.
Unknown command.
You closely miss the halazid warlock.
The halazid warlock is severely damaged.
The crystal guardian closely misses you.
You block the ironbrand convoker's attack.
The saltling completely misses you.
Unknown command.
You completely miss the halazid warlock.
The halazid warlock is severely damaged.
The halazid warlock gestures at the saltling while chanting.
The saltling's animating energy erupts into ghostly fire!
The ghostly flame explodes!
The ghostly fireball engulfs the saltling.
The saltling completely resists.
The ghostly fireball engulfs the crystal guardian.
The crystal guardian completely resists.
The ghostly fireball engulfs you!!
You feel drained.
You die...

,,,,,,,,,,,,,,,,,,,,,,,,,,,,,,,,,
,,,,,,,,,,,,,,,,,,,,,,,,,,,,,,,,,
,,,,,,,,,,,,,,,,,,,,,,,,,,****,*,
,,,,,,,,,,*,,,,,,,,§§,,,,,*,,,,,,
,,,,,,,,,,,,....,...,,,,,,*,,,,**
,,,,,,,,,,,........,,,,,,,**,,,,*
,,,,,,,,,,......#8,,.,,,,,,,,,,,,
,,,,,,,,,,.....pL##..,,,,,,,,,,,,
,,,#..........88@....,,,,,,,,***,
,,....................,,,,,,*,,**
,,............∩........,,,,,*,,**
,,§§....................,,,,***,,
§§§§§§........∩..........,,*,,,,,
.§§§......................,,,,*,,
§§......#.................,,,,,,,
§....§...#.............§§§..,,,,,
§..§§§§................§§§§.,,,,,


You could see a halazid warlock, a crystal guardian (summoned, strong), an
ironbrand convoker (summoned) and 2 saltlings.

Vanquished Creatures
  Bai Suzhen (Spider:4)
  Saint Roka (Orc:2)
  Arachne (Spider:2)
  Rupert (Lair:3)
  2 thorn hunters
  Frances (D:12)
  Donald (Swamp:1)
  A deep elf sorcerer (Elf:1)
  An orc warlord (Orc:2)
  2 emperor scorpions (Spider:4)
  4 entropy weavers
  2 very ugly things (Swamp:4)
  Nessos (Lair:4)
  A dire elephant (Lair:6)
  A halazid warlock (Desolation)
  2 green deaths (Swamp:4)
  4 deep elf death magi (Elf:1)
  A crystal guardian (Desolation)
  A ragged hierophant (Desolation)
  Harold (D:7)
  2 peacekeepers (Elf:2)
  2 shambling mangroves
  10 hydras
  2 ghost crabs (Swamp:4)
  5 centaur warriors
  4 two-headed ogres
  4 catoblepae
  6 alligators
  3 death yaks (Lair:6)
  A deep troll shaman (Lair:6)
  A queen ant (Spider:1)
  2 dancing weapons (Elf:1)
  A tengu warrior (D:14)
  An ogre mage (D:13)
  A thrashing horror (Swamp:4)
  Sonja (Lair:2)
  13 deep elf knights (Elf:1)
  8 swamp dragons
  An unseen horror (D:10)
  A spriggan druid (Swamp:3)
  4 skeletal warriors (D:14)
  Pikel (D:6)
  5 deep elf archers
  35 deep elf magi (Elf:1)
  2 orc knights (Orc:2)
  7 orb spiders
  3 orc sorcerers (Orc:2)
  17 ugly things
  13 wolf spiders
  A moth of wrath (Spider:1)
  A manticore (D:11)
  5 elephants (Lair:6)
  A cyclops (D:15)
  A large abomination (Swamp:4)
  A guardian serpent (Desolation)
  5 black mambas
  Joseph (D:7)
  2 torpor snails
  12 cane toads
  An orange demon (Swamp:4)
  5 rime drakes
  7 komodo dragons
  11 demonic crawlers
  A yaktaur (D:15)
  2 tengu conjurers (D:13)
  2 trolls (shapeshifter)
  2 polar bears
  21 jumping spiders
  15 slime creatures
  8 tyrant leeches
  13 hornets
  9 bog bodies
  4 trolls
  39 blink frogs
  Grinder (D:5)
  9 saltlings (Desolation)
  A meliai zombie (D:15)
  8 hippogriffs
  A hippogriff (shapeshifter) (D:15)
  4 shadows
  Sigmund (D:2)
  2 water elementals
  39 redbacks
  3 spriggans
  40 yaks
  33 tarantellas
  2 wyverns
  A wraith (D:11)
  6 basilisks
  4 fire elementals (Elf:1)
  A golden eye (shapeshifter) (D:15)
  3 hogs (Lair:4)
  14 insubstantial wisps
  17 soldier ants (Spider:1)
  7 vampire mosquitoes
  19 swamp worms
  An acid dragon (D:13)
  4 wargs
  Duvessa (D:7)
  A hell hound (Elf:1)
  6 porcupines
  3 water moccasins
  14 swamp drakes
  28 orc warriors
  3 ice beasts
  A necrophage (D:14)
  3 sky beasts
  A black bear (Lair:6)
  13 wolves
  13 ogres
  3 lemures (D:6)
  10 centaurs
  11 crocodiles
  A big kobold (D:13)
  A gnoll sergeant (D:10)
  9 bullfrogs
  A wyvern zombie (D:13)
  A wyvern skeleton (D:11)
  Dowan (D:7)
  4 scorpions
  8 killer bees
  19 wights
  9 howler monkeys
  3 electric eels
  A quasit (D:7)
  4 bullfrog zombies
  5 centaur zombies
  3 bullfrog skeletons
  14 jellies
  7 centaur skeletons
  26 orc priests
  Crazy Yiuf (D:6)
  7 hounds
  6 iguanas
  Ijyb (D:4)
  Natasha (thrice) (D:2)
  Terence (D:1)
  31 orc wizards
  28 worker ants
  A hound zombie (D:10)
  2 hound skeletons
  10 adders
  6 gnolls
  2 white imps
  An ufetubus (D:10)
  2 oozes (Lair:6)
  3 worms
  2 dart slugs
  7 leopard geckos
  103 orcs
  6 giant cockroaches
  7 goblins
  9 hobgoblins
  7 jackals (D:7)
  5 quokkas
  A ball python (D:2)
  8 bats
  3 frilled lizards
  A jackal skeleton (D:3)
  12 kobolds
  A leopard gecko skeleton (D:6)
  A quokka zombie (D:7)
  7 rats
  2 crawling corpses (Elf:1)
  A plant (Lair:5)
1093 creatures vanquished.

Vanquished Creatures (collateral kills)
  2 tentacled monstrosities
  Jorgrun (D:14)
  Kirke (Lair:4)
  Louise (Spider:1)
  An entropy weaver (Spider:3)
  Azrael (Elf:1)
  A spark wasp (Spider:3)
  A crystal guardian (Desolation)
  Josephine (D:10)
  A yaktaur captain (D:15)
  3 hydras
  2 dancing weapons (Elf:1)
  3 death yaks (Lair:6)
  A skeletal warrior (D:14)
  A wizard (D:12)
  A deep elf archer (Elf:1)
  An orb spider (Spider:3)
  A cyclops (D:14)
  An ugly thing (Swamp:4)
  A black mamba (Lair:6)
  A torpor snail (Spider:1)
  An orange demon (Swamp:4)
  4 demonic crawlers
  A komodo dragon (Lair:6)
  A jumping spider (Spider:1)
  A saltling (Desolation)
  2 slime creatures (D:12)
  6 blink frogs (Lair:6)
  A hippogriff (Lair:6)
  11 redbacks
  A shadow (Swamp:4)
  4 wraiths (D:10)
  3 tarantellas
  4 hogs (Lair:4)
  A fire elemental (Elf:1)
  2 vampire mosquitoes (Spider:2)
  7 soldier ants (Spider:1)
  An orc warrior (D:9)
  A phantom (D:9)
  3 wolves (Lair:4)
  A centaur (D:12)
  An orc priest (Orc:2)
  A bullfrog skeleton (D:12)
  An orc wizard (D:9)
  An ooze (Lair:6)
  3 orcs
90 creatures vanquished.

Vanquished Creatures (others)
  A ragged hierophant (Desolation)
  A deep elf archer (Elf:1)
  A cyclops (D:15)
  A deep elf mage (Elf:1)
  A redback (Spider:1)
  A water elemental (Elf:1)
  An air elemental (Elf:1)
  An orc warrior (Orc:2)
  An earth elemental (Elf:1)
  14 fungi
  16 plants
39 creatures vanquished.

Grand Total: 1222 creatures vanquished

Notes
Turn   | Place    | Note
-------+----------+-------------------------------------------
     0 | D:1      | Monka the Kobold Berserker began the quest for the Orb.
     0 | D:1      | Reached XP level 1. HP: 14/14 MP: 1/1
   184 | D:1      | Reached XP level 2. HP: 19/19 MP: 2/2
   205 | D:1      | Reached skill level 1 in Stealth
   375 | D:1      | Reached XP level 3. HP: 23/23 MP: 3/3
  1006 | D:2      | Noticed Terence
  1032 | D:1      | Reached ** piety under Trog
  1032 | D:1      | Reached XP level 4. HP: 29/29 MP: 4/4
  1087 | D:1      | Killed Terence
  1087 | D:1      | Reached skill level 5 in Short Blades
  1087 | D:1      | Reached skill level 2 in Stealth
  1250 | D:2      | Found a shimmering altar of Xom.
  1286 | D:2      | Noticed Natasha
  1296 | D:2      | Killed Natasha
  1296 | D:2      | Reached XP level 5. HP: 33/33 MP: 5/5
  1369 | D:2      | Noticed Natasha
  1379 | D:2      | Killed Natasha
  1576 | D:2      | Noticed Sigmund
  1582 | D:2      | Killed Sigmund
  1582 | D:2      | Reached skill level 3 in Stealth
  1582 | D:2      | Reached XP level 6. HP: 39/39 MP: 6/6
  1668 | D:2      | Noticed Natasha
  1680 | D:2      | Killed Natasha
  1949 | D:3      | Reached XP level 7. HP: 42/44 MP: 7/7
  2058 | D:3      | Reached skill level 4 in Stealth
  2343 | D:4      | Found a staircase to the Ecumenical Temple.
  2360 | Temple   | Entered the Ecumenical Temple
  2787 | D:4      | Noticed Ijyb
  2799 | D:4      | Killed Ijyb
  3169 | D:4      | Found a stormy altar of Qazlal.
  3210 | D:5      | Entered Level 5 of the Dungeon
  3212 | D:5      | Reached *** piety under Trog
  3309 | D:5      | Found a blossoming altar of Fedhas.
  3311 | D:5      | Found a glowing silver altar of Zin.
  3313 | D:5      | Found a shadowy altar of Dithmenos.
  3317 | D:5      | Found a sparkling altar of Nemelex Xobeh.
  3317 | D:5      | Found a hazy altar of Hepliaklqana.
  3318 | D:5      | Found a sacrificial altar of Ru.
  3374 | D:5      | Found Agilua's Magic Scroll Shoppe.
  3382 | D:5      | Bought a scroll of teleportation for 45 gold pieces
  3396 | D:5      | Found Zuagg's General Store.
  3401 | D:5      | Bought a scroll of magic mapping for 38 gold pieces
  3495 | D:5      | Found Ikil's General Store.
  3575 | D:5      | Noticed Grinder
  3588 | D:5      | Killed Grinder
  3588 | D:5      | Reached skill level 5 in Fighting
  3588 | D:5      | Reached skill level 5 in Dodging
  3588 | D:5      | Reached skill level 5 in Stealth
  3588 | D:5      | Reached XP level 8. HP: 49/49 MP: 8/8
  3634 | D:5      | Found Zezen's Distillery.
  4185 | D:5      | Found Yreatabb's Antique Armour Emporium.
  4191 | D:5      | Bought a glowing buckler for 157 gold pieces
  4649 | D:6      | Found a runed translucent door.
  4652 | D:6      | Noticed Crazy Yiuf
  4658 | D:6      | Killed Crazy Yiuf
  4658 | D:6      | Reached skill level 1 in Shields
  5015 | D:6      | Reached skill level 6 in Stealth
  5222 | D:6      | Noticed Pikel
  5342 | D:6      | Reached XP level 9. HP: 55/55 MP: 9/9
  5723 | D:6      | Killed Pikel
  5820 | D:7      | Reached skill level 10 in Short Blades
  5823 | D:7      | Noticed Harold
  5839 | D:7      | Killed Harold
  5839 | D:7      | Reached skill level 7 in Stealth
  6016 | D:7      | Reached **** piety under Trog
  6063 | D:7      | Found a blossoming altar of Fedhas.
  6148 | D:7      | Reached XP level 10. HP: 61/61 MP: 10/10
  6159 | D:7      | Found a shimmering blue altar of Sif Muna.
  6294 | D:7      | Noticed Duvessa
  6295 | D:7      | Noticed Dowan
  6298 | D:7      | Killed Duvessa
  6298 | D:7      | Reached skill level 8 in Stealth
  6300 | D:7      | Killed Dowan
  6330 | D:7      | Noticed Joseph
  6353 | D:7      | Killed Joseph
  6353 | D:7      | Reached skill level 5 in Shields
  7074 | D:7      | Reached skill level 9 in Stealth
  7305 | D:8      | Reached ***** piety under Trog
  7450 | D:8      | Found a staircase to the Lair.
  7891 | D:8      | Found a shattered altar of Ashenzari.
  7891 | D:8      | Found a white marble altar of Elyvilon.
  8053 | D:9      | Found a staircase to the Orcish Mines.
  8056 | D:9      | Identified the +9 dagger "Jachow" {freeze, *Slow Str+6}
  8591 | D:9      | Reached XP level 11. HP: 47/69 MP: 11/11
  8895 | D:9      | Found a stormy altar of Qazlal.
  8920 | D:9      | Reached skill level 10 in Stealth
  9112 | D:9      | Received a gift from Trog
  9874 | D:10     | Entered Level 10 of the Dungeon
 10006 | D:10     | Noticed Josephine
 10036 | D:10     | Killed Josephine
 10548 | Lair:1   | Entered Level 1 of the Lair of Beasts
 10761 | Lair:1   | Reached skill level 11 in Stealth
 11001 | Lair:1   | Reached skill level 10 in Dodging
 11201 | Lair:1   | Reached XP level 12. HP: 77/77 MP: 12/12
 11226 | Lair:1   | Reached skill level 10 in Fighting
 11286 | Lair:1   | Reached skill level 12 in Stealth
 12139 | Lair:2   | Noticed Sonja
 12143 | Lair:2   | Killed Sonja
 12188 | Lair:2   | Noticed a five-headed hydra
 12192 | Lair:2   | Killed a five-headed hydra
 12192 | Lair:2   | Reached skill level 13 in Stealth
 12863 | Lair:2   | Received a gift from Trog
 13116 | Lair:2   | Found a hole to the Spider Nest.
 13253 | Lair:3   | Reached XP level 13. HP: 84/84 MP: 13/13
 13375 | Lair:3   | Noticed Rupert
 13401 | Lair:3   | Killed Rupert
 13401 | Lair:3   | Reached skill level 14 in Stealth
 13683 | Lair:3   | Noticed a seven-headed hydra
 13687 | Lair:3   | Killed a seven-headed hydra
 13692 | Lair:3   | Got a shimmering dagger
 13693 | Lair:3   | Identified the +2 dagger of the Evening {vorpal, Dex+4}
                  | (You found it on level 3 of the Lair of Beasts)
 13704 | Lair:3   | Noticed a six-headed hydra
 13707 | Lair:3   | Found a staircase to the Swamp.
 13709 | Lair:3   | Killed a six-headed hydra
 13779 | Lair:3   | Noticed a six-headed hydra
 13783 | Lair:3   | Killed a six-headed hydra
 13872 | Lair:3   | You are sucked into a shaft and drop 3 floors!
 13872 | Lair:6   | Entered Level 6 of the Lair of Beasts
 14037 | Lair:6   | Reached skill level 15 in Stealth
 14160 | Lair:6   | Noticed a catoblepas
 14322 | Lair:6   | Noticed a catoblepas
 14358 | Lair:6   | Killed a catoblepas
 14539 | Lair:6   | Found a staircase to the Slime Pits.
 14706 | Lair:6   | Reached XP level 14. HP: 52/92 MP: 14/14
 15141 | Lair:4   | Noticed Kirke
 15166 | Lair:4   | Killed Kirke
 15247 | Lair:4   | Reached skill level 16 in Stealth
 15597 | Lair:4   | Noticed Nessos
 15600 | Lair:4   | Killed Nessos
 16218 | Lair:5   | Got a flickering lead ring
 16231 | Lair:5   | Identified the ring of Kikubaaqudgha's Favour {+Fly rC+
                  | MR+++} (You found it on level 5 of the Lair of Beasts)
 18157 | Lair:6   | Noticed a dire elephant
 18226 | Lair:6   | Reached skill level 17 in Stealth
 18294 | Lair:6   | Killed a dire elephant
 19705 | D:11     | Reached skill level 15 in Dodging
 20737 | D:12     | Noticed Frances
 20820 | D:12     | Reached XP level 15. HP: 100/100 MP: 15/15
 20872 | D:12     | Killed Frances
 22072 | D:13     | Received a gift from Trog
 22285 | D:13     | Found a gate to the Vaults.
 22570 | D:13     | Reached skill level 18 in Stealth
 22772 | D:13     | Got a citrine-encrusted ring mail
 22780 | D:13     | Identified the +5 ring mail of the Beginning {Int+2} (You
                  | found it on level 13 of the Dungeon)
 23385 | D:14     | Reached skill level 15 in Fighting
 23761 | D:14     | Noticed Jorgrun
 23773 | D:14     | Got a polished ring mail
 23774 | D:14     | Identified the +5 ring mail of Gallantry {rCorr} (You found
                  | it on level 14 of the Dungeon)
 23882 | D:14     | Found an ancient bone altar of Kikubaaqudgha.
 24462 | D:14     | Killed Jorgrun
 24544 | D:15     | Entered Level 15 of the Dungeon
 24552 | D:15     | Received a gift from Trog
 24719 | D:15     | Identified Roxanne's Handbook of Stones
 24719 | D:15     | Noticed Roxanne
 24768 | D:15     | Reached XP level 16. HP: 108/108 MP: 16/16
 24976 | D:15     | Reached skill level 19 in Stealth
 25057 | D:15     | Found a staircase to the Depths.
 25745 | Swamp:1  | Entered Level 1 of the Swamp
 26155 | Swamp:1  | Noticed Donald
 26159 | Swamp:1  | Killed Donald
 27354 | Swamp:1  | Noticed a tentacled monstrosity
 27364 | Swamp:1  | Killed a tentacled monstrosity
 27939 | Swamp:2  | Noticed a thorn hunter
 27943 | Swamp:2  | Killed a thorn hunter
 28479 | Swamp:2  | Found a transporter.
 28608 | Swamp:3  | Received a gift from Trog
 28663 | Swamp:3  | Paralysed by a hornet for 1 turns
 28676 | Swamp:3  | Found a glowing golden altar of the Shining One.
 28793 | Swamp:2  | Reached skill level 20 in Stealth
 29778 | Swamp:4  | Entered Level 4 of the Swamp
 30150 | Swamp:4  | Reached XP level 17. HP: 105/116 MP: 17/17
 30376 | Swamp:4  | Noticed a thorn hunter
 30380 | Swamp:4  | Killed a thorn hunter
 31430 | Swamp:4  | Noticed a tentacled monstrosity
 32146 | Swamp:4  | Killed a tentacled monstrosity
 32968 | Swamp:4  | Got a decaying rune of Zot
 33262 | Spider:1 | Entered Level 1 of the Spider Nest
 33309 | Spider:1 | Reached skill level 21 in Stealth
 33474 | Spider:1 | Got an ancient rapier
 33475 | Spider:1 | Identified the +7 rapier "Rosiop" {flame, Str+4} (You found
                  | it on level 1 of the Spider Nest)
 34180 | Spider:1 | Found the +2 ratskin cloak {*Rats rPois rN+ Str-1 Int-1
                  | Dex+1}
 34204 | Spider:1 | Got a brightly glowing rapier
 34513 | Spider:1 | Noticed Louise
 34517 | Spider:1 | Received a gift from Trog
 34535 | Spider:1 | Killed Louise
 35681 | Spider:2 | Noticed Arachne
 35685 | Spider:2 | Killed Arachne
 35685 | Spider:2 | Reached XP level 18. HP: 124/124 MP: 18/18
 36896 | Spider:2 | Identified the +6 rapier of Aptidgh {vorpal, MR+ Dex+3}
                  | (You found it on level 1 of the Spider Nest)
 37237 | Spider:3 | Received a gift from Trog
 38533 | Spider:4 | Entered Level 4 of the Spider Nest
 38560 | Spider:4 | Noticed Bai Suzhen
 38564 | Spider:4 | Killed Bai Suzhen
 39271 | Spider:4 | Reached skill level 5 in Armour
 39678 | Spider:4 | Reached skill level 22 in Stealth
 39939 | Spider:4 | Got a gossamer rune of Zot
 40482 | Vaults:1 | Entered Level 1 of the Vaults
 40651 | Orc:1    | Entered Level 1 of the Orcish Mines
 40890 | Orc:2    | Entered Level 2 of the Orcish Mines
 40933 | Orc:2    | Found a roughly hewn altar of Beogh.
 41020 | Orc:2    | Found a staircase to the Elven Halls.
 41348 | Orc:2    | Found a roughly hewn altar of Beogh.
 41426 | Orc:2    | Found Zoyjeo's Antique Weapon Shoppe.
 41474 | Orc:2    | Found a roughly hewn altar of Beogh.
 41481 | Orc:2    | Found Ytziofruo's Gadget Boutique.
 41591 | Orc:2    | Found a roughly hewn altar of Beogh.
 41726 | Orc:2    | Found a roughly hewn altar of Beogh.
 41829 | Orc:2    | Found Vochun's Antique Armour Emporium.
 41829 | Orc:2    | Found Aqeuvace's Antique Weapon Shoppe.
 41850 | Orc:2    | Noticed Saint Roka
 42521 | Orc:2    | Found a roughly hewn altar of Beogh.
 42534 | Orc:2    | Bought a pair of translucent gloves for 275 gold pieces
 42544 | Orc:2    | Identified the +2 pair of gloves of Intuition {rPois} (You
                  | bought it in a shop on level 2 of the Orcish Mines)
 42548 | Orc:2    | Bought a pair of steaming gloves for 275 gold pieces
 42558 | Orc:2    | Identified the +0 pair of gloves "Ytey" {Str+6} (You bought
                  | it in a shop on level 2 of the Orcish Mines)
 42652 | Orc:2    | Found a roughly hewn altar of Beogh.
 42838 | Orc:2    | Killed Saint Roka
 43118 | Elf:1    | Entered Level 1 of the Elven Halls
 43449 | Elf:1    | Reached XP level 19. HP: 110/130 MP: 19/19
 43810 | Elf:1    | Noticed Azrael
 44784 | Elf:1    | Found Tociohut's Antique Armour Boutique.
 45574 | Elf:1    | Received a gift from Trog
 45932 | Elf:1    | Killed Azrael
 46394 | Elf:2    | Found a ruined gateway.
 46627 | Desolati | Entered the Desolation of Salt
 46715 | Desolati | Got an ancient pewter ring
 46716 | Desolati | Identified the ring of Fimneami {rElec rC+} (You found it
                  | in the Desolation of Salt)
 46958 | Desolati | Killed from afar by a halazid warlock

Illustrated notes

Levels and vault maps discovered:
D:1:      lemuel_arrival_rhombus, layout_basic
D:2:      layout_rooms, marbit_many_paths, uniq_sigmund, uniq_terence,
          uniq_natasha
D:3:      layout_rooms
D:4:      layout_cave_pools, minmay_temple_entry_slanted,
          nicolae_qazlal_eye_of_the_storm, uniq_ijyb
D:5:      layout_gridville, grunt_temple_overflow_open, serial_shops, shop,
          nicolae_shop_statue_plus, nicolae_shop_statue_plus, shop_coins, shop,
          uniq_grinder
D:6:      layout_basic, small_statue_intersection, uniq_crazy_yiuf_cottage,
          uniq_pikel
D:7:      layout_loops_ring, kennysheep_mini_moat, basic_altar,
          nrook_loot_triangle, kennysheep_cross_room, corexii_hall_statues_t,
          uniq_joseph, uniq_duvessa, uniq_harold
D:8:      layout_rooms, gammafunk_temple_overflow_elements, lair_entry_dummy,
          lemuel_tele_altar
D:9:      layout_small_grid, lemuel_doored_altar, erik_orc_4
D:10:     layout_layer_cave, uniq_josephine
D:11:     layout_gridville
D:12:     layout_layer_cave, uniq_frances
D:13:     layout_roguey, david_vaults_2, chequers_decorated_corner
D:14:     layout_rooms, serial_bayou_shore_a, basic_altar, uniq_jorgrun
D:15:     grunt_enter_depths_snipers, layout_basic, minmay_misc_feat_roman,
          lemuel_flamethrower_3, uniq_roxanne
Temple:   bh_familiar_temple
Lair:1:   layout_long_grid
Lair:2:   layout_regular_city, spider_nest_entry_funnel_web,
          minmay_lair_oklob_chamber, uniq_sonja
Lair:3:   layout_loops_ring, palyth_hydra_swamp_entry, grunt_megastairs_4,
          uniq_rupert
Lair:4:   layout_loops_ring, uniq_nessos, uniq_kirke
Lair:5:   layout_cave_pods, serial_bayou, serial_bayou_lagoon_a,
          serial_bayou_shore_b, serial_bayou_lagoon_b, serial_bayou_pond_e,
          serial_bayou_pond_e
Lair:6:   grunt_lair_end_beastmaster, layout_loops_ring,
          minmay_slime_entry_jelly_boxes
Swamp:1:  layout_falls_marsh, evilmike_swamp_ruin_house_1, uniq_donald
Swamp:2:  gammafunk_the_bubble [the_bubble_gammafunk_plus_minus],
          layout_basic_swamp, evilmike_swamp_ruin_house_6, swamp_pool2,
          hangedman_swamp_pad, infiniplex_staircase_pool_2
Swamp:3:  layout_basic_swamp, basic_altar
Swamp:4:  swamp_vile, layout_basic_swamp, swamp_pool1
Spider:1: layout_spider_delve, minivault_29, hangedman_spider_tarantella_strand,
          uniq_louise
Spider:2: layout_spider_delve, einodemon_crawler_minivault, uniq_arachne
Spider:3: layout_spider_delve
Spider:4: grunt_spider_rune_circles, uniq_bai_suzhen
Orc:1:    layout_diamond_mine, serial_shops
Orc:2:    grunt_orc_community_town_hall, layout_caves,
          grunt_orc_community_big_house_1, grunt_orc_community_big_house_2,
          grunt_orc_community_house_2, grunt_orc_community_house_3,
          grunt_orc_community_house_2, grunt_orc_community_house_1,
          grunt_orc_community_house_3, grunt_orc_community_house_3, basic_altar,
          uniq_saint_roka
Elf:1:    elf_arrival_002, layout_gridlike, serial_shops, shop,
          minmay_elf_crystal_heptagon, uniq_azrael
Elf:2:    layout_loops_cross, serial_shops, shop,
          portal_desolation_entry_twin_temple
Vaults:1: hangedman_vaults_unwind, dpeg_vaults_monster_box, grunt_vaults_swirl,
          ontoclasm_vaults_decontamination, nicolae_vaults_yaktaur_gun_rack,
          v_misc_11, vaults_mumra_hex, layout_vaults_quadrants, serial_shops,
          shop, nicolae_shop_statue_plus, nicolae_shop_waterfront,
          nicolae_shop_crystal
Desolation

Skill      XL: |  1  2  3  4  5  6  7  8  9 10 11 12 13 14 15 16 17 18 19 |
---------------+----------------------------------------------------------+-----
Stealth        | 1 2 3 5 6 7 9 11 13 15 17 18 20 21 22 | 22.9
Dodging        | 3 4 5 7 8 10 12 13 15 16 17 18 19 20 | 20.0
Short Blades   | 5 6 8 9 10 12 | 12.0
Fighting       | 4 5 6 8 9 11 12 14 15 16 17 18 | 18.7
Shields        | 2 4 5 |  5.2
Armour         | 3 5 7 |  7.1

Action                   |  1- 3 |  4- 6 |  7- 9 | 10-12 | 13-15 | 16-18 | 19-21 || total
-------------------------+-------+-------+-------+-------+-------+-------+-------++-------
Melee: Short sword       |    75 |       |       |   357 |   956 |  1306 |   556 ||  3250
       Dagger            |       |    96 |   285 |   307 |     8 |   995 |       ||  1691
       Rapier            |       |       |       |       |       |    23 |   152 ||   175
Throw: Stone             |       |     1 |       |     3 |     2 |     4 |       ||    10
Invok: Berserk           |     3 |     1 |     9 |    12 |    19 |    32 |     4 ||    80
       Trog's Hand       |       |       |     1 |       |     2 |     1 |       ||     4
       Brothers in Arms  |       |       |       |     2 |    10 |    22 |     4 ||    38
Evoke: Wand              |       |       |     2 |    10 |     9 |     6 |     1 ||    28
  Use: Scroll            |       |     1 |     9 |     4 |     8 |    26 |     4 ||    52
       Potion            |       |       |       |       |     1 |     6 |       ||     7
 Stab: Sleeping          |     6 |    11 |    12 |    46 |   107 |   138 |     9 ||   329
       Distracted        |       |       |     1 |     3 |    10 |    21 |     3 ||    38
       Paralysed         |       |       |       |     5 |     1 |       |       ||     6
       Petrified         |       |       |       |       |     1 |       |       ||     1
       Held in net/web   |       |       |       |       |       |     2 |       ||     2
Armor: Animal skin       |    13 |     4 |       |       |       |       |       ||    17
       Robe              |       |     3 |    25 |    46 |    58 |   150 |       ||   282
       Skin              |       |       |       |       |    14 |       |       ||    14
       Ring mail         |       |       |       |       |       |    69 |    81 ||   150
Dodge: Dodged            |    56 |    47 |   100 |   288 |   393 |  1465 |   350 ||  2699
       Repelled          |       |     3 |       |       |       |       |       ||     3
Block: Buckler           |       |       |    25 |   163 |   201 |   759 |   245 ||  1393
       Reflection        |       |       |       |       |       |     5 |    12 ||    17

Table legend: (Time is in decaauts)
 A = Elapsed time spent in this place.
 B = Non-inter-level travel time spent in this place.
 C = Inter-level travel time spent in this place.
 D = Time resting spent in this place.
 E = Time spent auto-exploring this place.
 F = Levels seen in this place.
 G = Mean time per level.
                   A        B        C        D        E       F      G
               +--------+--------+--------+--------+--------+-----+--------+
         Total |  45229 |  42937 |   2292 |  13517 |  20840 |  36 | 1256.4 |
       Dungeon |  17309 |  16002 |   1307 |   3003 |   9907 |  15 | 1153.9 |
        Temple |    179 |    160 |     19 |      0 |    159 |   1 |  179.0 |
          Lair |   8231 |   7702 |    529 |   1830 |   4684 |   6 | 1371.8 |
         Swamp |   7103 |   6913 |    190 |   3299 |   2471 |   4 | 1775.8 |
   Spider Nest |   6559 |   6430 |    129 |   2931 |   1990 |   4 | 1639.8 |
  Orcish Mines |   2737 |   2648 |     89 |   1063 |    972 |   2 | 1368.5 |
   Elven Halls |   2778 |   2756 |     22 |   1267 |    650 |   2 | 1389.0 |
        Vaults |     15 |     10 |      5 |      0 |      6 |   1 |   15.0 |
    Desolation |    314 |    314 |      0 |    122 |      0 |   1 |  314.0 |
               +--------+--------+--------+--------+--------+-----+--------+

Top non-repeatable levels by time:
 Swamp:4: 2879 daAuts
   Elf:1: 2538 daAuts
Spider:1: 2344 daAuts
   Orc:2: 2310 daAuts
  Lair:6: 2025 daAuts
 Swamp:1: 1912 daAuts
     D:9: 1873 daAuts
Spider:3: 1794 daAuts
  Lair:2: 1703 daAuts
  Lair:5: 1566 daAuts
    D:10: 1542 daAuts
     D:6: 1443 daAuts
    D:12: 1300 daAuts
    D:13: 1283 daAuts
     D:5: 1268 daAuts
